 Dungeon Crawl Stone Soup version 0.31-a0-360-gb3e1d13bf4 (webtiles) character file.

Game seed: 1129159794923018981

109 randomguy2701 the Chopper (level 4, -12/40 HPs)
             Began as a Minotaur Fighter on July 26, 2023.
             Was a Follower of Makhleb.
             Mangled by an ogre
             ... wielding a +0 giant club
              (16 damage)
             ... on level 4 of the Dungeon.
             The game lasted 00:02:18 (1879 turns).

randomguy2701 the Chopper (Minotaur Fighter)        Turns: 1879, Time: 00:02:18

Health: -12/40     AC:  8    Str: 21    XL:     4   Next: 59%
Magic:  3/3        EV:  9    Int:  5    God:    Makhleb [*.....]
Gold:   129        SH:  4    Dex: 11    Spells: 3/3 levels left

rFire   . . .        a - +0 war axe
rCold   . . .        c - +0 buckler
rNeg    . . .        b - +0 scale mail
rPois   .            (helmet restricted)
rElec   .            (no cloak)
rCorr   .            m - +0 pair of gloves
SInv    .            (no boots)
Will    .....        (no amulet) Stlth
                     (no ring)
HPRegen 0.26/turn    (no ring)
MPRegen 0.08/turn

%: no passive effects
@: no status effects
A: horns 2, retaliatory headbutt
a: Renounce Religion


You were on level 4 of the Dungeon.
You worshipped Makhleb.
Makhleb was aware of your devotion.
You visited 1 branch of the dungeon, and saw 4 of its levels.

You collected 129 gold pieces.

Inventory:

Hand Weapons
 a - a +0 war axe (weapon)
Armour
 b - a +0 scale mail (worn)
 c - a +0 buckler (worn)
 m - a +0 pair of gloves (worn)
Jewellery
 o - a ring of protection from cold
Scrolls
 e - a scroll of silence {unknown}
 f - 2 scrolls of immolation {unknown}
 g - a scroll of fog {unknown}
 i - 2 scrolls of identify {unknown}
 q - a scroll of butterflies {unknown}
Potions
 d - a potion of might
 h - 2 potions of heal wounds {unknown}
 j - a potion of haste {unknown}
 k - a potion of curing {unknown}
 l - a potion of ambrosia {unknown}
 n - a potion of enlightenment {unknown}
 p - a potion of magic {unknown}


   Skills:
 + Level 4.2 Fighting
 + Level 4.3 Axes
 + Level 4.3 Armour
 + Level 1.2 Dodging
 + Level 3.9 Shields


You had 3 spell levels left.
You didn't know any spells.
Your spell library contained the following spells:

 Spells                   Type           Power      Damage    Failure   Level
 Summon Small Mammal      Summ           0%         N/A       86%         1
 Scorch                   Fire           0%         2d5       95%         2
 Call Canine Familiar     Summ           0%         N/A       99%         3
 Summon Guardian Golem    Hex/Summ       0%         N/A       99%         3
 Flame Wave               Conj/Fire      0%         2d4       100%        4
 Summon Cactus Giant      Summ           0%         N/A       100%        6


Dungeon Overview and Level Annotations

Branches:
Dungeon (4/15)
 Temple: D:4-7

Altars:
Makhleb

Shops:
D:1 =


Innate Abilities, Weirdness & Mutations

You have a pair of horns on your head.
You reflexively headbutt those who attack you in melee.


Message History

You barely miss the orc. You block the orc wizard's attack.
You block the orc's attack.
You barely miss the orc wizard. You headbutt the orc wizard!
You kill the orc wizard!
Makhleb accepts your kill.
You closely miss the orc. The orc barely misses you.
You block the orc's attack. The orc barely misses you.
The orc closely misses you. You furiously retaliate!
You headbutt the orc.
Things that are here:
a +0 dagger; a +0 robe You hit the orc but do no damage.
The orc is almost dead.
You slash the orc!
You kill the orc!
Makhleb accepts your kill. The orc hits you but does no damage.
You slash the orc!
You kill the orc!
Makhleb accepts your kill.
Found 3 stones.
An ogre comes into view. It is wielding a +0 giant club.
An ogre is nearby!
An ogre is nearby!
Found a shiny orb.
The ogre shouts!
You hit the ogre.
The ogre is lightly wounded.
The ogre hits you with a +0 giant club!
You barely miss the ogre. Your headbutt misses the ogre.
The ogre is lightly wounded.
The ogre hits you with a +0 giant club!!
Ouch! That really hurt!
* * * LOW HITPOINT WARNING * * *
Unknown command.
Okay, then.
You hit the ogre but do no damage. Your headbutt misses the ogre.
The ogre is lightly wounded.
The ogre hits you with a +0 giant club!
You die...

####.# ....
###.#..# #....
#......##...[.
#.......#(....
.................
#...............
##..O...........
##...@.........#
##.............#
#....#........#
#.............#
##.##.......## ##
##......#
#..#...# #))##.##
#.<)...##


You could see an ogre.

Vanquished Creatures
  An orc wizard (D:4)
  A white imp (D:3)
  2 dart slugs
  9 orcs
  6 bats
  4 endoplasms
  A giant cockroach (D:1)
  6 goblins
  4 hobgoblins
  2 jackals (D:2)
  8 kobolds
  3 quokkas
  9 ball pythons
  4 frilled lizards
  3 rats
63 creatures vanquished.

Notes
Turn   | Place    | Note
-------+----------+-------------------------------------------
     0 | D:1      | randomguy2701 the Minotaur Fighter began the quest for the
                  | Orb.
     0 | D:1      | Reached XP level 1. HP: 19/19 MP: 0/0
   149 | D:1      | Reached XP level 2. HP: 27/27 MP: 1/1
   255 | D:1      | Found Korot's Jewellery Boutique.
   534 | D:2      | Found a burning altar of Makhleb.
   567 | D:2      | Became a worshipper of Makhleb the Destroyer
   614 | D:2      | Reached XP level 3. HP: 29/33 MP: 2/2
  1352 | D:3      | Reached * piety under Makhleb
  1473 | D:3      | Reached skill level 1 in Dodging
  1473 | D:3      | Reached XP level 4. HP: 39/40 MP: 3/3
  1873 | D:4      | Noticed an ogre
  1879 | D:4      | Mangled by an ogre

Illustrated notes

Levels and vault maps discovered:
D:1:      nzn_arrival_depleted_hourglass, layout_rooms, serial_shops,
          nicolae_shop_gaudy_bauble, hex_tiny
D:2:      layout_basic, basic_altar
D:3:      layout_basic, chequers_jeans, nrook_mini_vaults
D:4:      layout_cave_pools, gammafunk_ghost_abyssal_escape, uniq_edmund

Skill      XL: |  1  2  3  4 |
---------------+-------------+-----
Fighting       | 4 |  4.2
Armour         | 4 |  4.3
Axes           | 3 4 |  4.3
Dodging        | 1 |  1.2
Shields        | |  3.9

Action                     |  1- 3 |  4- 6 || total
---------------------------+-------+-------++-------
  Melee: War axe           |   111 |    28 ||   139
         Headbutt          |    14 |     4 ||    18
 Armour: Scale mail        |    83 |    10 ||    93
  Dodge: Dodged            |    68 |     8 ||    76
  Block: Buckler           |    26 |    10 ||    36

Table legend: (Time is in decaauts)
 A = Elapsed time spent in this place.
 B = Non-inter-level travel time spent in this place.
 C = Inter-level travel time spent in this place.
 D = Time resting spent in this place.
 E = Time spent auto-exploring this place.
 F = Levels seen in this place.
 G = Mean time per level.
                   A        B        C        D        E       F      G
               +--------+--------+--------+--------+--------+-----+--------+
         Total |   1930 |   1827 |    103 |      0 |   1446 |   4 |  482.5 |
       Dungeon |   1930 |   1827 |    103 |      0 |   1446 |   4 |  482.5 |
               +--------+--------+--------+--------+--------+-----+--------+

Top non-repeatable levels by time:
     D:2: 794 daAuts
     D:3: 599 daAuts
     D:1: 500 daAuts
     D:4: 36 daAuts
